Map: Overgrowth LE (Void)

Players

TheMagician

  • Race: Protoss Protoss
  • League: Diamond
  • Spawn Location: 1:00

엿같은세상 - Winner!

  • Race: Zerg Zerg
  • League: Diamond
  • Spawn Location: 7:00

VOD

Have the link to the VOD?

Description

Time

  • Played on: Dec. 4, 2016, 3:27 p.m.
  • Length: 22:11
Show
View Real Time Build Order
Export as new Build Order

TheMagician Protoss 

Build Orders:  

Get SALT Encoding   

  12  0:06  Probe (Chrono Boost)  
  13  0:17  Pylon  
  13  0:18  Probe (Chrono Boost)  
  15  0:28  Probe (Chrono Boost)  
  15  0:39  Probe (Chrono Boost)  
  16  0:43  Gateway  
  16  0:49  Probe (Chrono Boost)  
  17  0:57  Gateway  
  17  1:04  Pylon  
  17  1:12  Pylon  
  17  1:14  Probe (Chrono Boost)  
  18  1:34  Zealot (Chrono Boost)  
  20  1:43  Probe (Chrono Boost)  
  23  1:49  Zealot (Chrono Boost)  
  23  1:53  Forge  
  23  1:54  Probe  
  24  2:00  Zealot (Chrono Boost)  
  26  2:06  Probe  
  29  2:17  Zealot (Chrono Boost)  
  29  2:18  Probe  
  30  2:24  Pylon  
  30  2:33  Nexus  
  30  2:58  Pylon  
  30  3:04  Probe  
  31  3:06  Assimilator  
  31  3:10  Assimilator  
  31  3:18  Photon Cannon  
  31  3:19  Nexus  
  31  3:22  Photon Cannon  
  23  3:52  Cybernetics Core  
  23  3:54  Probe  
  22  3:59  Assimilator  
  22  4:01  Pylon  
  23  4:04  Assimilator, Photon Cannon  
  23  4:05  Photon Cannon, Probe  
  23  4:09  Photon Cannon  
  24  4:12  Probe  
  24  4:15  Probe  
  26  4:26  Probe  
  26  4:30  Mothership Core  
  29  4:33  Probe  
  29  4:36  Probe  
  31  4:41  Pylon  
  31  4:51  Pylon  
  31  4:58  Stargate  
  31  5:02  Probe  
  31  5:04  Probe  
  33  5:15  Photon Cannon  
  33  5:25  Photon Cannon  
  33  5:44  Void Ray  
  33  5:49  Photon Cannon  
  37  6:06  Stargate  
  37  6:08  Probe  
  38  6:18  Probe  
  39  6:37  Void Ray (Chrono Boost)  
  43  6:49  Pylon, Probe  
  44  7:01  Probe x2  
  46  7:11  Probe  
  46  7:15  Stargate  
  51  7:16  Probe  
  51  7:19  Void Ray (Chrono Boost)  
  51  7:21  Assimilator  
  51  7:22  Probe  
  52  7:25  Assimilator  
  52  7:27  Probe  
  54  7:31  Probe  
  54  7:34  Probe  
  56  7:37  Probe  
  56  7:43  Probe  
  58  7:50  Probe  
  58  7:56  Probe  
  60  8:00  Oracle (Chrono Boost)  
  60  8:01  Probe  
  60  8:05  Oracle (Chrono Boost)  
  67  8:07  Probe  
  67  8:08  Probe  
  67  8:10  Oracle (Chrono Boost)  
  72  8:17  Probe  
  73  8:28  Probe  
  73  8:31  Oracle (Chrono Boost)  
  77  8:53  Pylon  
  77  8:55  Pylon  
  77  8:58  Pylon  
  77  9:09  Photon Cannon, Probe  
  77  9:13  Oracle (Chrono Boost)  
  77  9:16  Oracle x2 (Chrono Boost)  
  87  9:20  Probe  
  85  9:42  Probe  
  77  9:52  Oracle (Chrono Boost), Probe  
  77  9:54  Oracle (Chrono Boost)  
  77  9:55  Probe  
  77  9:59  Oracle (Chrono Boost)  
  85  10:03  Probe  
  85  10:05  Probe  
  87  10:16  Probe  
  88  10:25  Oracle (Chrono Boost)  
  91  10:38  Void Ray x2 (Chrono Boost)  
  89  10:56  Void Ray (Chrono Boost)  
  66  11:06  Mothership Core  
  66  11:09  Probe  
  76  11:19  Probe  
  76  11:20  Oracle (Chrono Boost)  
  76  11:21  Void Ray (Chrono Boost)  
  77  11:33  Oracle (Chrono Boost)  
  80  11:42  Probe  
  81  11:52  Pylon, Probe  
  81  11:53  Oracle (Chrono Boost)  
  84  11:54  Pylon  
  84  11:57  Photon Cannon  
  84  11:59  Oracle (Chrono Boost)  
  88  12:03  Probe  
  88  12:08  Oracle (Chrono Boost)  
  92  12:24  Oracle (Chrono Boost)  
  95  12:30  Oracle (Chrono Boost)  
  101  12:44  Oracle (Chrono Boost)  
  93  12:55  Oracle (Chrono Boost)  
  90  13:05  Photon Cannon  
  90  13:10  Photon Cannon  
  90  13:12  Pylon  
  90  13:15  Pylon  
  90  13:31  Oracle (Chrono Boost)  
  90  13:33  Oracle (Chrono Boost)  
  99  13:38  Oracle (Chrono Boost)  
  89  14:21  Nexus  
  89  14:22  Pylon  
  89  14:28  Pylon  
  89  14:31  Pylon  
  88  14:34  Pylon x2, Nexus  
  88  14:35  Pylon x2  
  85  14:40  Oracle (Chrono Boost)  
  85  14:45  Oracle x2 (Chrono Boost)  
  71  15:12  Void Ray (Chrono Boost)  
  83  15:22  Void Ray x2 (Chrono Boost)  
  83  15:37  Probe  
  84  15:49  Void Ray (Chrono Boost)  
  61  16:11  Assimilator  
  61  16:55  Void Ray (Chrono Boost)  
  61  16:58  Assimilator  
  61  17:30  Pylon  
  61  17:36  Pylon  
  61  17:45  Probe  
  62  17:55  Probe  
  63  18:06  Probe  
  60  18:43  Forge  
  44  19:38  Photon Cannon  
  44  19:40  Photon Cannon  
  44  19:43  Gateway  
  44  19:45  Gateway  
  44  19:48  Gateway  
  44  19:51  Gateway  
  44  19:53  Photon Cannon  
  44  20:34  Photon Cannon  
  44  20:35  Photon Cannon  
  44  21:23  Pylon  
  44  21:25  Pylon  
  44  21:28  Pylon  
  39  21:44  Zealot (Chrono Boost)  
  43  21:47  Zealot (Chrono Boost)  
Show
View Real Time Build Order
Export as new Build Order

엿같은세상 Zerg - Winner!

Build Orders: Pool First, Ravager All-In 

Get SALT Encoding   

  12  0:01  Drone  
  13  0:09  Drone  
  14  0:18  Overlord  
  14  0:37  Drone x3  
  17  0:55  Drone  
  18  1:10  Drone, Spawning Pool  
  18  1:12  Extractor  
  17  1:28  Drone  
  17  1:30  Drone  
  17  1:31  Extractor  
  17  1:32  Overlord  
  18  1:41  Hatchery  
  18  1:42  Drone  
  18  2:05  Drone  
  18  2:06  Overlord  
  19  2:10  Roach Warren  
  19  2:12  Lair  
  18  2:16  Zergling x2  
  19  2:25  Drone  
  21  2:51  Roach x2  
  25  2:57  Roach  
  27  3:08  Roach  
  29  3:15  Ravager  
  29  3:16  Queen  
  32  3:20  Drone  
  32  3:40  Roach x2  
  36  3:59  Hatchery  
  35  4:06  Hatchery  
  34  4:11  Drone x2, Spore Crawler  
  34  4:12  Glial Reconstitution  
  34  4:13  Queen  
  37  4:26  Overlord x2  
  37  4:45  Roach x4  
  45  4:50  Ravager  
  45  4:51  Ravager x2  
  48  4:55  Ravager  
  49  5:00  Drone  
  49  5:03  Drone  
  51  5:14  Ravager  
  52  5:41  Drone x10  
  52  5:42  Drone  
  60  6:06  Drone  
  60  6:07  Drone x4  
  60  6:11  Hydralisk Den  
  64  6:22  Drone, Overlord x2  
  65  6:34  Queen  
  65  6:37  Drone  
  62  6:48  Drone x3  
  62  6:50  Extractor  
  62  6:51  Drone x8, Extractor  
  68  6:58  Hydralisk  
  70  7:03  Spore Crawler  
  70  7:04  Queen  
  70  7:05  Spore Crawler  
  70  7:08  Spore Crawler  
  70  7:11  Queen, Drone  
  72  7:18  Pneumatized Carapace  
  72  7:27  Overlord x3  
  72  7:28  Overlord  
  72  7:31  Overlord  
  72  7:32  Overlord  
  72  7:38  Overlord x2  
  72  7:44  Grooved Spines  
  72  7:56  Extractor  
  72  7:57  Nydus Network  
  70  8:01  Ravager x4  
  70  8:04  Hydralisk x4  
  82  8:07  Drone  
  82  8:08  Drone  
  82  8:11  Drone x2  
  86  8:19  Drone x4  
  90  8:24  Spore Crawler  
  90  8:25  Spore Crawler  
  88  8:28  Drone x3  
  88  8:34  Hydralisk x2  
  95  8:47  Extractor  
  95  8:48  Hydralisk x4  
  102  9:09  Hydralisk  
  104  9:14  Hydralisk x9  
  113  9:50  Hydralisk  
  113  9:51  Hydralisk x8  
  122  9:57  Extractor  
  122  10:07  Drone  
  122  10:08  Overlord x2  
  122  10:12  Muscular Augments  
  122  10:21  Overlord x3  
  122  10:34  Drone x3  
  125  10:40  Drone x6  
  125  10:41  Overlord x3  
  125  10:42  Hatchery  
  106  10:57  Hydralisk  
  106  10:58  Hydralisk x3  
  100  11:10  Hydralisk  
  100  11:11  Hydralisk x4  
  108  11:24  Hydralisk x4  
  96  11:34  Hydralisk x5  
  106  11:41  Evolution Chamber  
  106  11:43  Evolution Chamber  
  104  11:49  Hydralisk  
  104  11:50  Hydralisk x4  
  114  11:56  Spore Crawler  
  114  12:00  Metabolic Boost  
  113  12:01  Hydralisk  
  113  12:02  Hydralisk x3  
  113  12:03  Extractor  
  113  12:06  Drone  
  113  12:07  Queen, Drone  
  124  12:19  Hydralisk x5  
  134  12:25  Lurker Den  
  134  12:28  Zergling x14  
  134  12:29  Zergling x2  
  140  12:56  Hydralisk x5  
  140  12:57  Hydralisk x4  
  155  13:28  Hydralisk x8  
  160  13:45  Hydralisk x7  
  144  13:55  Hydralisk  
  144  13:56  Hydralisk x2  
  142  14:09  Hydralisk x4  
  124  14:39  Hydralisk x8  
  127  14:57  Hydralisk x5  
  113  15:10  Hatchery  
  113  15:13  Zergling x2  
  113  15:14  Zergling x4  
  115  15:24  Spore Crawler  
  112  15:35  Zergling x14  
  115  15:36  Zergling x6  
  122  15:56  Hydralisk x5  
  84  16:37  Drone x2  
  84  16:38  Queen  
  87  16:41  Spore Crawler  
  87  16:43  Spore Crawler x2  
  87  16:44  Spore Crawler  
  87  16:46  Spore Crawler  
  82  16:48  Spore Crawler  
  82  16:49  Spore Crawler  
  82  16:50  Drone x5  
  82  16:51  Drone x4  
  89  16:57  Lurker x2  
  89  16:58  Lurker x4  
  89  16:59  Lurker  
  89  17:01  Lurker  
  97  17:03  Lurker  
  97  17:05  Lurker  
  97  17:07  Lurker  
  100  17:08  Lurker  
  100  17:10  Lurker  
  100  17:12  Lurker  
  103  17:26  Hydralisk x3  
  103  17:27  Hydralisk  
  111  17:32  Zerg Missile Weapons Level 1  
  111  17:35  Zerg Ground Armor Level 1  
  111  17:41  Extractor  
  111  17:42  Drone  
  111  17:43  Drone  
  112  17:44  Extractor  
  112  17:47  Spine Crawler  
  110  17:52  Spore Crawler  
  110  17:55  Spore Crawler  
  108  18:08  Hydralisk x6  
  120  18:16  Hydralisk  
  120  18:17  Hydralisk  
  124  18:46  Hydralisk x5  
  134  18:53  Drone  
  135  18:57  Spore Crawler  
  109  19:17  Hydralisk x4  
  109  20:04  Hydralisk x5  
  91  20:43  Hatchery  
  91  20:47  Drone x3  
  94  21:13  Nydus Canal  
  94  21:20  Drone x11  
  94  21:21  Drone x5  
  94  21:22  Drone  
Tags
 
Add a new tag
Caveats
  • Supply blocks, unpowered buildings, or Contaminate may cause inaccurate times.
  • Supply counts are checked every 10 seconds.